 Dungeon Crawl Stone Soup version 0.30.1-4-g462c640d31 (webtiles) character file.

Game seed: 14551097533606295112

1268 rvierbuc the Conjurer (level 8, 0/59 HPs)
             Began as a Demigod Conjurer on Aug 22, 2023.
             Slain by a wyvern (15 damage)
             ... on level 5 of the Dungeon.
             The game lasted 00:20:43 (4797 turns).

rvierbuc the Conjurer (Demigod Conjurer)            Turns: 4797, Time: 00:20:43

Health: 0/59       AC:  7    Str:  7    XL:     8   Next: 7%
Magic:  10/18      EV: 13    Int: 33    God:
Gold:   262        SH:  0    Dex: 22    Spells: 13/16 levels left

rFire   . . .        h - +2 short sword (speed)
rCold   . . .        c - orb {*channel}
rNeg    . . .        a - +0 robe
rPois   .            k - +2 helmet
rElec   .            i - +0 cloak
rCorr   .            (no gloves)
SInv    .            p - +0 pair of boots
Will    .....        (no amulet)
Stlth   +++          v - +6 ring of dexterity
HPRegen 0.29/turn    w - +6 ring of intelligence
MPRegen 0.16/turn

%: channel magic (20%)
@: no status effects
A: high MP 1, forlorn, divine attributes, hooves 1, agile 1, wild magic 1
a: no special abilities


You were on level 5 of the Dungeon.
You visited 1 branch of the dungeon, and saw 6 of its levels.

You collected 262 gold pieces.

Inventory:

Hand Weapons
 h - a +2 short sword of speed (weapon)
 t - a +1 sling of flaming
Missiles
 u - a throwing net
Armour
 a - a +0 robe (worn)
 c - an orb of energy (worn)
 i - a +0 cloak (worn)
 k - a +2 helmet (worn)
 p - a +0 pair of boots (worn)
Jewellery
 n - a ring of ice
 o - an amulet of guardian spirit
 v - a +6 ring of dexterity (left hand)
 w - a +6 ring of intelligence (right hand)
Wands
 j - a wand of flame (43)
Scrolls
 f - a scroll of identify
 g - 2 scrolls of poison
 l - 4 scrolls of teleportation
 r - a scroll of blinking
Potions
 b - 2 potions of magic
 d - 4 potions of curing
 e - 3 potions of heal wounds
 m - a potion of brilliance {unknown}
 s - a potion of attraction


   Skills:
 + Level 1.3 Fighting
 + Level 2.8 Short Blades
 + Level 2.6 Dodging
 + Level 3.4 Stealth
 + Level 4.9 Spellcasting
 + Level 6.8 Conjurations


You had 13 spell levels left.
You knew the following spells:

 Your Spells              Type           Power      Damage    Failure   Level
a - Magic Dart            Conj           100%       1d8       4%          1
b - Searing Ray           Conj           100%       2d8       5%          2

Your spell library contained the following spells:

 Spells                   Type           Power      Damage    Failure   Level
 Dazzling Flash           Conj/Hex       80%        N/A       17%         3
 Fulminant Prism          Conj/Hex       20%        3d12      36%         4
 Iskenderun's Mystic Bla  Conj/Tloc      40%        2d9       36%         4


Dungeon Overview and Level Annotations

Branches:
Dungeon (6/15)             Temple (0/1) D:5

Shops:
D:2 :   D:5 [

Annotations:
D:4 Pikel


Innate Abilities, Weirdness & Mutations

You have an increased reservoir of magic. (+10% MP)
You shall have no god before yourself.
Your divine heritage dramatically boosts your attributes as you level up.
You have large cloven feet.
You are agile. (Dex +4, Str/Int -1)
Your spells are a little harder to cast, but a little more powerful.


Message History

The searing ray misses the gnoll.
The searing ray hits the gnoll sergeant.
The gnoll sergeant is moderately wounded.
The wyvern hisses menacingly.
The gnoll barely misses you.
A kobold comes into view. It is wielding a +0 dagger.
The searing ray hits the gnoll!
You kill the gnoll!
The searing ray hits the gnoll sergeant.
The gnoll sergeant is heavily wounded.
The wyvern barely misses you.
The searing ray hits the gnoll sergeant.
The gnoll sergeant is severely wounded.
The searing ray hits the gnoll!
The gnoll is heavily wounded.
You finish channelling your searing ray.
The wyvern bites you! The wyvern closely misses you.
The gnoll sergeant hits you from afar with a +0 spear.
The wyvern closely misses you.
The gnoll sergeant hits you from afar with a +0 spear.
You climb upwards.
There is a stone staircase leading down here.
Casting: Searing Ray (safe; 5% risk of failure)
Confirm with . or Enter, or press ? or * to list all spells.
Aiming: Searing Ray (safe; 5% risk of failure)
Press: ? - help, Shift-Dir - straight line, f - wyvern
Aim: a wyvern (83% to hit)
The searing ray hits the wyvern.
The wyvern is lightly wounded. (Press . to maintain the ray.)
The wyvern barely misses you. The wyvern bites you.
The searing ray hits the wyvern.
The wyvern is moderately wounded.
The wyvern bites you!
The searing ray hits the wyvern.
The wyvern is moderately wounded.
The wyvern bites you.
* * * LOW HITPOINT WARNING * * *
The wyvern bites you!
You die...

...######'##.............#
.....................###.#
...#........)........# #.#
...#................##
#.#####
.###.########+####'##
#.....# .#
#....#####..###.# #####.#
#######..........((# #....#
..#####............# #.####
.......)........@..# #.#
...............l...# #.#
.)))...............# #.#
..###..........##### #.#
..# #..........##########.#
..# #...................#.#
..# #.........∩########.#.#
..# #..........# #.#.#
#.###..........########.#.#


You could see a wyvern.

Vanquished Creatures
  Prince Ribbit (D:5)
  Menkaure (D:5)
  A water moccasin (D:5)
  A sky beast (D:4)
  An ice beast (D:5)
  2 ogres (D:5)
  2 lemures (D:4)
  A phantom (D:5)
  Blork the orc (D:4)
  2 scorpions (D:5)
  A hound (D:5)
  An orc priest (D:5)
  2 iguanas (D:4)
  Robin (D:4)
  A gnoll (D:6)
  5 adders
  5 orcs (D:5)
  8 endoplasms
  A giant cockroach (D:4)
  19 goblins
  7 hobgoblins
  6 jackals
  5 kobolds
  3 quokkas
  7 ball pythons
  5 bats
  5 frilled lizards
  8 rats
  A spectral kobold (D:3)
104 creatures vanquished.

Notes
Turn   | Place    | Note
-------+----------+-------------------------------------------
     0 | D:1      | rvierbuc the Demigod Conjurer began the quest for the Orb.
     0 | D:1      | Reached XP level 1. HP: 14/14 MP: 5/5
   308 | D:1      | Reached XP level 2. HP: 20/20 MP: 4/7
   321 | D:1      | Reached skill level 4 in Conjurations
  1491 | D:2      | Reached XP level 3. HP: 15/26 MP: 3/8
  1778 | D:2      | Found Diaseefu's Book Shop.
  2550 | D:3      | Learned a level 2 spell: Searing Ray
  2985 | D:4      | Gained mutation: Your spells are a little harder to cast,
                  | but a little more powerful. [potion of mutation]
  2985 | D:4      | Gained mutation: You are agile. (Dex +4, Str/Int -1)
                  | [potion of mutation]
  2985 | D:4      | Gained mutation: You have large cloven feet. [potion of
                  | mutation]
  2999 | D:4      | Reached XP level 4. HP: 33/33 MP: 5/10
  3200 | D:4      | Noticed Robin
  3211 | D:4      | Killed Robin
  3212 | D:4      | Reached skill level 5 in Conjurations
  3368 | D:4      | Reached XP level 5. HP: 38/38 MP: 5/12
  3552 | D:4      | Noticed Blork the orc
  3557 | D:4      | Killed Blork the orc
  3598 | D:4      | Noticed a sky beast
  3603 | D:4      | Killed a sky beast
  3604 | D:4      | Reached skill level 1 in Short Blades
  3604 | D:4      | Reached XP level 6. HP: 45/45 MP: 6/14
  3843 | D:4      | Noticed Pikel
  3864 | D:5      | Entered Level 5 of the Dungeon
  3864 | D:5      | Noticed a water moccasin
  3864 | D:5      | Found a staircase to the Ecumenical Temple.
  3867 | D:5      | Killed a water moccasin
  4059 | D:5      | Reached skill level 6 in Conjurations
  4059 | D:5      | Reached XP level 7. HP: 51/51 MP: 8/16
  4158 | D:5      | Noticed Menkaure
  4170 | D:5      | Killed Menkaure
  4366 | D:5      | Reached skill level 1 in Fighting
  4410 | D:5      | Found Lyclauts's Antique Armour Shop.
  4452 | D:5      | Noticed Prince Ribbit
  4460 | D:5      | Killed Prince Ribbit
  4642 | D:5      | Reached XP level 8. HP: 59/59 MP: 14/18
  4797 | D:5      | Slain by a wyvern

Illustrated notes

Levels and vault maps discovered:
D:1:      reono_arrival_mine, layout_rooms, serial_co_window_serial,
          co_window_corner_a, co_window_cross_1, co_window_paths_a,
          co_window_corner_a, co_window_corner_a, co_window_of_opportunity_c,
          co_window_corner_b, co_window_cross_4, co_window_broadway_c,
          co_window_broadway_c, co_window_cross_2, co_window_4corner_b,
          co_window_paths_d, chequers_serial_rivers_micro_c, st_stairs_5
D:2:      layout_loops_corners, serial_shops, nicolae_shop_tiny_waterfront
D:3:      layout_rooms, dreamdust_ecumenical_altar_drowned_temple
D:4:      cheibrodos_greedy_goblins, layout_basic, vehumet_altar_wand_db,
          uniq_robin, uniq_sigmund, uniq_blork_the_orc, uniq_pikel
D:5:      layout_basic, minmay_temple_entry_sparse_star, serial_shops, shop,
          uniq_menkaure, uniq_prince_ribbit1
D:6:      layout_gridville, nicolae_overflows_in_rows, serial_glass,
          glass_columns_b, glass_columns_a, glass_columns_b, glass_columns_c,
          glass_columns_b, glass_columns_c

Skill      XL: |  1  2  3  4  5  6  7 |
---------------+----------------------+-----
Conjurations   | 4 5 6 |  6.8
Spellcasting   | 2 3 4 |  4.9
Dodging        | 2 |  2.6
Stealth        | 2 3 |  3.4
Short Blades   | 1 2 |  2.8
Fighting       | 1 |  1.3

Action                     |  1- 3 |  4- 6 |  7- 9 || total
---------------------------+-------+-------+-------++-------
  Melee: Short sword       |       |    23 |    11 ||    34
         Kick              |       |     5 |     2 ||     7
   Cast: Magic Dart        |    94 |    56 |    19 ||   169
         Searing Ray       |       |    11 |    10 ||    21
    Use: Scroll            |     7 |       |       ||     7
         Potion            |     7 |       |       ||     7
 Armour: Robe              |     1 |    12 |     8 ||    21
  Dodge: Dodged            |     8 |    15 |    21 ||    44
